 Dungeon Crawl Stone Soup version 0.32-a0-909-gc671339a80 (webtiles) character file.

Game seed: 5409304516479066725

120 whatisthis the Apothecary (level 5, -2/37 HPs)
             Began as a Gnoll Alchemist on Apr 6, 2024.
             Killed by nerve-wracking pain
             ... invoked by an orc priest
              (11 damage)
             ... on level 3 of the Dungeon.
             The game lasted 00:04:35 (2274 turns).

whatisthis the Apothecary (Gnoll Alchemist)         Turns: 2274, Time: 00:04:36

Health: -2/37      AC:  3    Str:  8    XL:     5   Next: 4%
Magic:  8/12       EV: 27    Int: 16    God:
Gold:   96         SH:  0    Dex: 12    Spells: 11/14 levels left

rFire   . . .        d - +0 dagger (drain)
rCold   . . .        (no shield)
rNeg    . . .        a - +0 robe
rPois   .            (no helmet)
rElec   .            (no cloak)
rCorr   .            f - +0 pair of gloves
SInv    .            (no boots)
Will    .....        r - amulet of the acrobat
Stlth   +++          (no ring)
HPRegen 0.26/turn    (no ring)
MPRegen 0.13/turn

%: acrobat
@: acrobatic
A: fangs 1, strong nose, distributed training
a: Convert to Beogh


You were on level 3 of the Dungeon.
You visited 1 branch of the dungeon, and saw 3 of its levels.

You collected 96 gold pieces.

Inventory:

Hand Weapons
 d - a +0 dagger of draining (weapon)
Armour
 a - a +0 robe (worn)
 f - a +0 pair of gloves (worn)
Magical Staves
 s - a staff of air
Jewellery
 p - a ring of fire
 r - an amulet of the acrobat (around neck)
Wands
 t - a wand of quicksilver (5)
 u - a wand of flame (4)
Scrolls
 c - 4 scrolls of identify {unknown}
 g - a scroll of blinking {unknown}
 i - a scroll of silence {unknown}
 m - a scroll of revelation {unknown}
Potions
 b - a potion of magic
 e - 2 potions of degeneration {unknown}
 h - a potion of resistance {unknown}
 j - a potion of heal wounds {unknown}
 k - 2 potions of curing {unknown}
 l - 2 potions of brilliance {unknown}
 n - a potion of enlightenment {unknown}
 o - 2 potions of cancellation {unknown}
 q - a potion of lignification {unknown}


   Skills:
 + Level 1.4 Fighting
 + Level 1.4 Short Blades
 + Level 1.4 Long Blades
 + Level 1.4 Axes
 + Level 1.4 Maces & Flails
 + Level 1.4 Polearms
 + Level 1.4 Staves
 + Level 1.4 Ranged Weapons
 + Level 1.4 Throwing
 + Level 1.4 Armour
 + Level 4.7 Dodging
 + Level 4.3 Stealth
 + Level 1.4 Shields
 + Level 1.4 Unarmed Combat
 + Level 5.1 Spellcasting
 + Level 2.3 Conjurations
 + Level 1.1 Hexes
 + Level 1.1 Summonings
 + Level 1.1 Necromancy
 + Level 1.1 Translocations
 + Level 1.1 Fire Magic
 + Level 1.1 Ice Magic
 + Level 1.1 Air Magic
 + Level 1.1 Earth Magic
 + Level 5.5 Alchemy
 + Level 1.5 Invocations
 + Level 1.4 Evocations
 + Level 1.2 Shapeshifting


You had 11 spell levels left.
You knew the following spells:

 Your Spells              Type           Power      Damage    Failure   Level
a - Sting                 Conj/Alch      64%        1d7       3%          1
b - Mercury Vapours       Alch/Air       28%        N/A       6%          2

Your spell library contained the following spells:

 Spells                   Type           Power      Damage    Failure   Level
 Mephitic Cloud           Conj/Alch/Air  13%        N/A       13%         3
 Olgreb's Toxic Radiance  Alch           21%        N/A       16%         4
 Volatile Blastmotes      Fire/Tloc      14%        2d11      28%         3
 Fulminant Prism          Conj/Alch      8%         3d7       28%         4
 Sticky Flame             Fire/Alch      14%        2d5       36%         4
 Iskenderun's Mystic Bla Conj/Tloc 9%             2d4        (+2d1     58%         4


Dungeon Overview and Level Annotations

Branches:
Dungeon (3/15)

Altars:
Cheibriados
Kikubaaqudgha
Makhleb


Innate Abilities, Weirdness & Mutations

You have very sharp teeth.
Your uncanny sense of smell can sniff out nearby items.
Your experience applies equally to all skills.


Message History

The orc completely misses you.
You closely miss the orc.
The orc is severely wounded.
The orc hits you with a +0 hand axe! The orc hits you with a +0 hand axe.
You hit the orc but do no damage. You drain the orc.
You kill the orc!
The orc closely misses you.
You have reached level 5!
The orc attacks as it pursues you! The orc misses you.
The orc closely misses you. The orc attacks as it pursues you!
The orc completely misses you.
Unknown command.
Aiming: Sting (safe; 3% risk of failure)
Press: ? - help, Q - select action, (/) - cycle Shift-Dir - straight line, f - orc
Aim: an orc, wielding a +0 hand axe (74% to hit)
The sting hits the orc.
The orc is poisoned.
The orc is heavily wounded.
Unknown command.
Aiming: Sting (safe; 3% risk of failure)
Press: ? - help, Q - select action, (/) - cycle Shift-Dir - straight line, f/p - orc
Aim: an orc, wielding a +0 hand axe (severely wounded, poisoned, 74% to hit)
The sting hits the orc.
The orc looks even sicker.
You kill the orc!
Aiming: Sting (safe; 3% risk of failure)
Press: ? - help, Q - select action, (/) - cycle Shift-Dir - straight line, f - orc
Aim: an orc, wielding a +0 mace and wearing a +0 chain mail (81% to hit)
The sting hits the orc.
The orc is poisoned.
The orc is severely wounded.
The orc barely misses you.
The orc priest shouts!
You hit the orc but do no damage. You drain the orc.
You kill the orc!
The orc priest calls down the wrath of Beogh upon you.
Beogh smites you!
* * * LOW HITPOINT WARNING * * *
The orc priest shouts, "Beogh offers mercy even to people such as you.
Join us and be reborn!" (press Y on the ability menu to convert to Beogh)
The orc priest calls down the wrath of Beogh upon you.
Pain shoots through your body!
You die... . #......... #####.#.#####.## ......#.######.# ### #..........#. ... ##.#.#####.## ..<. #.#.# #.## ... #...#####.## #.. ###.###########.......... #.o #.......@....)#.#####.#.. #oo

#.#....######o#.# #.#.. #..
####.# #.#.# #.#.. .o
#†######.#.# #.#.. #.
#.o.....o#.## #.#..
#.♣♣♣♣♣♣♣♣♣...).......####.#.#
♣.........♣.####....[.......#
♣.≈≈≈≈≈≈≈.♣.# ##.##.####....
♣≈..≈≈≈..≈♣.#####.##.# #....


You could see an orc priest.

Vanquished Creatures
  3 adders (D:2)
  An adder zombie (D:2)
  4 dart slugs
  3 ribbon worms
  3 orcs (D:3)
  7 bats
  A bat zombie (D:2)
  5 endoplasms
  2 giant cockroaches
  7 goblins
  4 hobgoblins
  3 jackals (D:1)
  2 kobolds
  3 quokkas
  6 ball pythons
  3 ball python zombies (D:2)
  4 frilled lizards (D:1)
  2 quokka skeletons (D:2)
  A quokka zombie (D:2)
  6 rats
70 creatures vanquished.

Notes
Turn   | Place    | Note
-------+----------+-------------------------------------------
     0 | D:1      | whatisthis the Gnoll Alchemist began the quest for the Orb.
     0 | D:1      | Reached XP level 1. HP: 13/13 MP: 6/6
    91 | D:1      | Reached XP level 2. HP: 19/19 MP: 5/7
   493 | D:1      | Reached skill level 5 in Spellcasting
   493 | D:1      | Reached XP level 3. HP: 25/25 MP: 5/9
   898 | D:1      | Reached skill level 1 in Invocations
  1034 | D:2      | Reached skill level 1 in Fighting
  1034 | D:2      | Reached skill level 1 in Short Blades
  1034 | D:2      | Reached skill level 1 in Long Blades
  1034 | D:2      | Reached skill level 1 in Axes
  1034 | D:2      | Reached skill level 1 in Maces & Flails
  1034 | D:2      | Reached skill level 1 in Polearms
  1034 | D:2      | Reached skill level 1 in Staves
  1034 | D:2      | Reached skill level 1 in Ranged Weapons
  1034 | D:2      | Reached skill level 1 in Throwing
  1034 | D:2      | Reached skill level 1 in Armour
  1034 | D:2      | Reached skill level 1 in Shields
  1034 | D:2      | Reached skill level 1 in Unarmed Combat
  1034 | D:2      | Reached skill level 1 in Evocations
  1155 | D:2      | Reached skill level 1 in Shapeshifting
  1155 | D:2      | Reached XP level 4. HP: 32/32 MP: 7/11
  1437 | D:2      | Found an ancient bone altar of Kikubaaqudgha.
  1512 | D:2      | Reached skill level 1 in Hexes
  1512 | D:2      | Reached skill level 1 in Summonings
  1512 | D:2      | Reached skill level 1 in Necromancy
  1512 | D:2      | Reached skill level 1 in Translocations
  1512 | D:2      | Reached skill level 1 in Fire Magic
  1512 | D:2      | Reached skill level 1 in Ice Magic
  1512 | D:2      | Reached skill level 1 in Air Magic
  1512 | D:2      | Reached skill level 1 in Earth Magic
  1626 | D:2      | Learned a level 2 spell: Mercury Vapours
  1823 | D:3      | Found a snail-covered altar of Cheibriados.
  1864 | D:3      | Found a burning altar of Makhleb.
  2217 | D:3      | Found an ancient bone altar of Kikubaaqudgha.
  2260 | D:3      | Reached XP level 5. HP: 22/37 MP: 9/12
  2274 | D:3      | Killed from afar by an orc priest

Illustrated notes

Levels and vault maps discovered:
D:1:      eino_arrival_water_star, layout_loops_ring
D:2:      layout_rooms, serial_undead, serial_undead_d, serial_undead_b,
          serial_undead_b, serial_undead_a, serial_undead_a, basic_altar,
          minmay_distorted
D:3:      kennysheep_goblin_castle, layout_loops_ring, cheibriados_altar_1,
          mainiacjoe_overflow_paths, nicolae_hepliaklqana_monster_ancestors,
          general_overflow_altar

Skill      XL: |  1  2  3  4 |
---------------+-------------+-----
Conjurations   | 2 |  2.3
Spellcasting   | 5 |  5.1
Invocations    | 1 |  1.5
Fighting       | 1 |  1.4
Short Blades   | 1 |  1.4
Long Blades    | 1 |  1.4
Axes           | 1 |  1.4
Maces & Flails | 1 |  1.4
Polearms       | 1 |  1.4
Staves         | 1 |  1.4
Ranged Weapons | 1 |  1.4
Throwing       | 1 |  1.4
Armour         | 1 |  1.4
Shields        | 1 |  1.4
Unarmed Combat | 1 |  1.4
Evocations     | 1 |  1.4
Shapeshifting  | 1 |  1.2
Hexes          | 1 |  1.1
Summonings     | 1 |  1.1
Necromancy     | 1 |  1.1
Translocations | 1 |  1.1
Fire Magic     | 1 |  1.1
Ice Magic      | 1 |  1.1
Air Magic      | 1 |  1.1
Earth Magic    | 1 |  1.1
Dodging        | |  4.7
Stealth        | |  4.3
Alchemy        | |  5.5

Action                     |  1- 3 |  4- 6 || total
---------------------------+-------+-------++-------
  Melee: Unarmed           |     3 |       ||     3
         Dagger            |    46 |    60 ||   106
         Bite              |     3 |    10 ||    13
   Cast: Sting             |    55 |    55 ||   110
   Stab: Sleeping          |     2 |       ||     2
 Armour: Robe              |    48 |    36 ||    84
  Dodge: Dodged            |    51 |    52 ||   103

Table legend: (Time is in decaauts)
 A = Elapsed time spent in this place.
 B = Non-inter-level travel time spent in this place.
 C = Inter-level travel time spent in this place.
 D = Time resting spent in this place.
 E = Time spent auto-exploring this place.
 F = Levels seen in this place.
 G = Mean time per level.
                   A        B        C        D        E       F      G
               +--------+--------+--------+--------+--------+-----+--------+
         Total |   2269 |   2187 |     82 |    108 |   1496 |   3 |  756.3 |
       Dungeon |   2269 |   2187 |     82 |    108 |   1496 |   3 |  756.3 |
               +--------+--------+--------+--------+--------+-----+--------+

Top non-repeatable levels by time:
     D:1: 957 daAuts
     D:2: 842 daAuts
     D:3: 469 daAuts
